 Dungeon Crawl Stone Soup version 0.13.0-26-gf7ffa3a (webtiles) character file.

688 Kae the Firebug (level 7, -2/36 HPs)
             Began as a Tengu Fire Elementalist on Oct 31, 2013.
             Slain by a worker ant (5 damage)
             ... on Level 5 of the Dungeon.
             The game lasted 00:09:16 (5071 turns).

Kae the Firebug (Tengu Fire Elementalist)           Turns: 5071, Time: 00:09:17

HP  -2/36        AC  3     Str  8      XL: 7   Next: 21%
MP   0/16        EV 12     Int 18      God:
Gold 169         SH  0     Dex 14      Spells:  3 memorised,  6 levels left

Res.Fire  : . . .   See Invis. : +   k - +0,+2 dwarf dagger
Res.Cold  : . . .   Warding    : +   a - +1 robe
Life Prot.: + . .   Conserve   : .   (no shield)
Res.Poison: .       Res.Corr.  : .   (helmet restricted)
Res.Elec. : .       Clarity    : .   (no cloak)
Sust.Abil.: . .     Spirit.Shd : .   (no gloves)
Res.Mut.  : .       Stasis     : .   (boots unavailable)
Res.Rott. : .       Flight     : .   o - amulet of warding
Saprovore : . . .                    w - ring of see invisible
                                     (no ring)

@: mildly poisoned, slightly resistant to hostile enchantments, fairly stealthy
A: able to fly, beak, talons 3
a: Fly


You were on level 5 of the Dungeon.
You were not hungry.

You visited 1 branch of the dungeon, and saw 5 of its levels.

You collected 149 gold pieces.

Inventory:

Hand weapons
 k - a +0,+2 dwarven dagger (weapon)
Missiles
 e - 31 darts (quivered)
Armour
 a - a +1 robe (worn)
Magical devices
 h - a wand of teleportation (0)
Comestibles
 c - 5 bread rations
 f - 3 pears
 n - 3 meat rations
Scrolls
 d - 2 scrolls of remove curse
 g - 4 scrolls of teleportation
 i - 4 scrolls of identify
 l - a scroll of noise
 r - a scroll of amnesia
Jewellery
 o - an amulet of warding (around neck)
 q - an uncursed ring of teleportation
 w - a ring of see invisible (right hand)
 x - an uncursed amulet of guardian spirit
Potions
 j - 2 potions of heal wounds
 m - a potion of poison {unknown}
 p - a potion of restore abilities {unknown}
 s - 6 potions of curing {unknown}
 t - a potion of brilliance
 u - a potion of beneficial mutation
 v - a potion of speed
Books
 b - a book of Flames

   Spells                             Type                      Level
   *Flame Tongue                      Conjuration/Fire             1
   *Throw Flame                       Conjuration/Fire             2
   *Conjure Flame                     Conjuration/Fire             3
   Inner Flame                        Hexes/Fire                   3
   Sticky Flame                       Conjuration/Fire             4
   Fireball                           Conjuration/Fire             5


   Skills:
 - Level 2.1 Dodging
 - Level 2.0 Stealth
 + Level 3.1 Spellcasting
 + Level 4.9 Conjurations
 * Level 6.7 Fire Magic


You had 6 spell levels left.
You knew the following spells:

 Your Spells              Type           Power        Failure   Level  Hunger
a - Flame Tongue          Conj/Fire      ###..        1%          1    None
b - Throw Flame           Conj/Fire      ###...       1%          2    ##.....
c - Conjure Flame         Conj/Fire      ###.....     4%          3    ###....


Dungeon Overview and Level Annotations

Branches:
Dungeon (5/27)
 Temple: D:4-7

Altars:
Nemelex Xobeh

Annotations:
D:5 exclusion: crimson imp


Innate Abilities, Weirdness & Mutations

You can fly.
You have a beak for a mouth.
You have claws for feet.


Message History

The worker ant is severely wounded.
* * * LOW HITPOINT WARNING * * *
You feel sick.
The crimson imp shouts, "Go and return not, thou artless mallardish codpiece!"
The crimson imp blinks!
The worker ant closely misses you.
Casting: Flame Tongue
Confirm with . or Enter, or press ? or * to list all spells.
Aiming: Flame Tongue
Press: ? - help, Shift-Dir - straight line, f/p - worker ant
Aim: a worker ant (severely wounded)
The flame hits the worker ant.
The worker ant is almost dead.
* * * LOW HITPOINT WARNING * * *
You feel sick. The worker ant bites you.
* * * LOW HITPOINT WARNING * * *
You hit the worker ant but do no damage.
You peck the worker ant.
The worker ant is almost dead.
The worker ant bites you.
You die...

#........##.# #....##.#
####.)...##.# #....##.#
#.....##.######.##.#
#...?...........##.#
#.%.............##.#
#...................
.####
#..............###..
.......#######.........
...........a@..........
.......##...##.........
#.... #8...8#........
#... ##...##........
#5. #...##.(..### .
##...##....#
#8...8#....#
##...###### #...#


You could see a worker ant.

Vanquished Creatures
  Grinder (D:4)
  A sky beast (D:5)
  A hound (D:4)
  A jelly (D:5)
  A worker ant (D:4)
  4 adders
  A worm (D:4)
  4 orcs
  9 bats
  7 giant cockroaches
  9 goblins
  4 hobgoblins
  14 jackals
  A quokka (D:2)
  A ball python (D:3)
  2 giant newts
  A gnoll skeleton (D:4)
  10 kobolds
  11 rats
83 creatures vanquished.

Notes
Turn   | Place    | Note
--------------------------------------------------------------
     0 | D:1      | Kae, the Tengu Fire Elementalist, began the quest for the Orb.
     0 | D:1      | Reached XP level 1. HP: 10/10 MP: 3/3
   211 | D:1      | Reached XP level 2. HP: 6/15 MP: 3/5
  1060 | D:1      | Reached skill level 4 in Fire Magic
  1068 | D:1      | Reached XP level 3. HP: 8/19 MP: 5/7
  2264 | D:3      | Learned a level 2 spell: Throw Flame
  2355 | D:3      | Reached XP level 4. HP: 20/24 MP: 2/8
  2735 | D:3      | Found a sparkling altar of Nemelex Xobeh.
  3405 | D:4      | Noticed Grinder
  3417 | D:4      | Paralysed by Grinder for 6 turns
  3681 | D:4      | Reached skill level 5 in Fire Magic
  3681 | D:4      | Reached XP level 5. HP: 18/28 MP: 6/11
  4033 | D:4      | Noticed an ogre
  4048 | D:3      | Learned a level 3 spell: Conjure Flame
  4125 | D:4      | Paralysed by Grinder for 2 turns
  4308 | D:4      | Paralysed by Grinder for 6 turns
  4359 | D:4      | Killed Grinder
  4359 | D:4      | Reached skill level 6 in Fire Magic
  4359 | D:4      | Reached XP level 6. HP: 32/32 MP: 4/14
  4803 | D:5      | Entered Level 5 of the Dungeon
  4905 | D:5      | Reached XP level 7. HP: 30/36 MP: 5/16
  5071 | D:5      | Slain by a worker ant

Action                   |  1- 3 |  4- 6 |  7- 9 || total
-------------------------+-------+-------+-------++-------
Melee: Unarmed           |    62 |       |       ||    62
       Dagger            |    48 |    21 |    11 ||    80
 Cast: Flame Tongue      |    42 |    84 |     7 ||   133
       Throw Flame       |       |     6 |     1 ||     7
       Conjure Flame     |       |     2 |       ||     2
  Use: Scroll            |       |    10 |     4 ||    14
 Stab: Sleeping          |     2 |       |       ||     2
